DTBL
TEXAS JACKALOPE @ INDIANA COUGARS
07/31/2020
 
TOP OF THE 1ST
Texas Jackalope batting - Pitching for Indiana Cougars : RHP Lucas Giolito
Pitching: RHP Lucas Giolito
Batting: RHB Ronald Acuna Jr. 0-0: Ball
1-0: Ball
2-0: Ground out 1-3 (Groundball, 13S, EV 63.8 MPH)
Batting: LHB Didi Gregorius 0-0: Bunt for hit to 25 - play at first, batter safe!
Batting: RHB Anthony Rendon 0-0: Called Strike
0-1: Ball
1-1: Ball
2-1: Foul Ball, location: 2F
2-2: Strikes out looking
Batting: RHB Giancarlo Stanton 0-0: Swinging Strike
0-1: Foul Ball, location: 2F
0-2: Strikes out swinging
Top of the 1st over - 0 runs, 1 hit, 0 errors, 1 left on base; Texas 0 - Indiana 0
BOTTOM OF THE 1ST
Indiana Cougars batting - Pitching for Texas Jackalope : RHP Gerrit Cole
Pitching: RHP Gerrit Cole
Batting: RHB Tommy Pham 0-0: Swinging Strike
0-1: Swinging Strike
0-2: Ball
1-2: Ball
2-2: Foul Ball, location: 2F
2-2: Strikes out looking
Batting: RHB Trevor Story 0-0: DOUBLE (Line Drive, 7LD, EV 108.1 MPH)
Batting: RHB Kris Bryant 0-0: Called Strike
0-1: Ball
1-1: SINGLE (Line Drive, 78S, EV 103.1 MPH)
Trevor Story to third
Runner from 3rd tries for Home, SAFE, throw by CF to home
Batting: RHB Gleyber Torres 0-0: Ball
1-0: Grounds into double play, 6-4-3 (Groundball, 6, EV 84.4 MPH)
Bottom of the 1st over - 1 run, 2 hits, 0 errors, 0 left on base; Texas 0 - Indiana 1
TOP OF THE 2ND
Texas Jackalope batting - Pitching for Indiana Cougars : RHP Lucas Giolito
Batting: RHB Keston Hiura 0-0: Called Strike
0-1: Called Strike
0-2: DOUBLE (Line Drive, 7LM, EV 113.1 MPH)
Batting: RHB Mitch Haniger 0-0: Foul Ball, location: 2F
0-1: Ball
1-1: Called Strike
1-2: Strikes out swinging
Batting: RHB Paul Goldschmidt 0-0: Ball
1-0: Foul Ball, location: 2F
1-1: Swinging Strike
1-2: Strikes out looking
Batting: LHB Daniel Murphy 0-0: Ball
1-0: Ball
2-0: Ground out U3 (Groundball, 3, EV 90.6 MPH)
Top of the 2nd over - 0 runs, 1 hit, 0 errors, 1 left on base; Texas 0 - Indiana 1
BOTTOM OF THE 2ND
Indiana Cougars batting - Pitching for Texas Jackalope : RHP Gerrit Cole
Batting: LHB Charlie Blackmon 0-0: Ball
1-0: Fly out, F7 (Line Drive, 7, EV 83.8 MPH)
Batting: RHB Eugenio Suarez 0-0: Ball
1-0: Foul Ball, location: 2F
1-1: Called Strike
1-2: Ground out 6-3 (Groundball, 6, EV 103.1 MPH)
Batting: LHB Joc Pederson 0-0: Called Strike
0-1: Ball
1-1: Swinging Strike
1-2: Foul Ball, location: 2F
1-2: Strikes out swinging
Bottom of the 2nd over - 0 runs, 0 hits, 0 errors, 0 left on base; Texas 0 - Indiana 1
TOP OF THE 3RD
Texas Jackalope batting - Pitching for Indiana Cougars : RHP Lucas Giolito
Batting: RHB Travis d'Arnaud 0-0: Swinging Strike
0-1: Foul Ball, location: 2F
0-2: Ball
1-2: Strikes out swinging
Batting: RHB Ronald Acuna Jr. 0-0: Fly out, F8 (Line Drive, 8RM, EV 98.1 MPH)
Batting: LHB Didi Gregorius 0-0: Swinging Strike
0-1: Called Strike
0-2: Ball
1-2: Foul Ball, location: 2F
1-2: Strikes out swinging
Top of the 3rd over - 0 runs, 0 hits, 0 errors, 0 left on base; Texas 0 - Indiana 1
BOTTOM OF THE 3RD
Indiana Cougars batting - Pitching for Texas Jackalope : RHP Gerrit Cole
Batting: LHB Brandon Nimmo 0-0: Ball
1-0: Foul Ball, location: 2F
1-1: Called Strike
1-2: Ball
2-2: Ball
3-2: Foul Ball, location: 2F
3-2: Ground out 4-3 (Groundball, 34, EV 85.6 MPH)
Batting: RHB Yadier Molina 0-0: Called Strike
0-1: Ball
1-1: Ground out 4-3 (Groundball, 4M, EV 83.8 MPH)
Batting: RHB Tommy Pham 0-0: Called Strike
0-1: Ball
1-1: Called Strike
1-2: Ball
2-2: Strikes out looking
Bottom of the 3rd over - 0 runs, 0 hits, 0 errors, 0 left on base; Texas 0 - Indiana 1
TOP OF THE 4TH
Texas Jackalope batting - Pitching for Indiana Cougars : RHP Lucas Giolito
Batting: RHB Anthony Rendon 0-0: Foul Ball, location: 2F
0-1: Ball
1-1: Swinging Strike
1-2: Foul Ball, location: 2F
1-2: Strikes out looking
Batting: RHB Giancarlo Stanton 0-0: Called Strike
0-1: Called Strike
0-2: Foul Ball, location: 2F
0-2: Ball
1-2: Foul Ball, location: 2F
1-2: Strikes out looking
Batting: RHB Keston Hiura 0-0: Ball
1-0: Ground out 5-3 (Groundball, 56S, EV 66.9 MPH)
Top of the 4th over - 0 runs, 0 hits, 0 errors, 0 left on base; Texas 0 - Indiana 1
BOTTOM OF THE 4TH
Indiana Cougars batting - Pitching for Texas Jackalope : RHP Gerrit Cole
Batting: RHB Trevor Story 0-0: Foul Ball, location: 2F
0-1: Ball
1-1: Ball
2-1: Swinging Strike
2-2: Foul Ball, location: 2F
2-2: Foul Ball, location: 2F
2-2: Strikes out swinging
Batting: RHB Kris Bryant 0-0: Called Strike
0-1: Swinging Strike
0-2: Foul Ball, location: 2F
0-2: Ball
1-2: Ground out 6-3 (Groundball, 56, EV 80.0 MPH)
Batting: RHB Gleyber Torres 0-0: Ball
1-0: Foul Ball, location: 2F
1-1: Ball
2-1: Swinging Strike
2-2: Fly out, F7 (Flyball, 7, EV 95.0 MPH)
Bottom of the 4th over - 0 runs, 0 hits, 0 errors, 0 left on base; Texas 0 - Indiana 1
TOP OF THE 5TH
Texas Jackalope batting - Pitching for Indiana Cougars : RHP Lucas Giolito
Batting: RHB Mitch Haniger 0-0: Ball
1-0: Called Strike
1-1: Fly out, F9 (Flyball, 9LS, EV 92.5 MPH)
Batting: RHB Paul Goldschmidt 0-0: Called Strike
0-1: SINGLE (Groundball, 6MD, EV 95.6 MPH)
Batting: LHB Daniel Murphy 0-0: Swinging Strike
0-1: Foul Ball, location: 2F
0-2: Ball
1-2: Ball
2-2: Fielders Choice at 2nd, 3-6 (Groundball, 3S, EV 85.6 MPH)
Batting: RHB Travis d'Arnaud 0-0: Ball
1-0: Called Strike
1-1: Swinging Strike
1-2: Ball
2-2: Strikes out swinging
Top of the 5th over - 0 runs, 1 hit, 0 errors, 1 left on base; Texas 0 - Indiana 1
BOTTOM OF THE 5TH
Indiana Cougars batting - Pitching for Texas Jackalope : RHP Gerrit Cole
Batting: LHB Charlie Blackmon 0-0: SINGLE (Line Drive, 4D, EV 94.4 MPH)
Batting: RHB Eugenio Suarez 0-0: Ball
1-0: Called Strike
1-1: Called Strike
1-2: Ball
2-2: Strikes out swinging
Batting: LHB Joc Pederson 0-0: Ground out 6-3 (Groundball, 4, EV 90.0 MPH)
Charlie Blackmon to second
Batting: LHB Brandon Nimmo 0-0: Called Strike
0-1: Swinging Strike
0-2: Strikes out swinging
Bottom of the 5th over - 0 runs, 1 hit, 0 errors, 1 left on base; Texas 0 - Indiana 1
TOP OF THE 6TH
Texas Jackalope batting - Pitching for Indiana Cougars : RHP Lucas Giolito
Batting: RHB Ronald Acuna Jr. 0-0: Swinging Strike
0-1: Swinging Strike
0-2: Strikes out swinging
Batting: LHB Didi Gregorius 0-0: Swinging Strike
0-1: Ball
1-1: Ball
2-1: Fly out, F4 (Flyball, 4D, EV 93.1 MPH)
Batting: RHB Anthony Rendon 0-0: Ball
1-0: Fly out, F7 (Flyball, 7D, EV 101.9 MPH)
Top of the 6th over - 0 runs, 0 hits, 0 errors, 0 left on base; Texas 0 - Indiana 1
BOTTOM OF THE 6TH
Indiana Cougars batting - Pitching for Texas Jackalope : RHP Gerrit Cole
Batting: RHB Yadier Molina 0-0: Called Strike
0-1: Ball
1-1: Foul Ball, location: 2F
1-2: Ball
2-2: Strikes out swinging
Batting: RHB Tommy Pham 0-0: Called Strike
0-1: Called Strike
0-2: Ball
1-2: Foul Ball, location: 2F
1-2: Ball
2-2: Strikes out swinging
Batting: RHB Trevor Story 0-0: Foul Ball, location: 2F
0-1: Ball
1-1: Foul Ball, location: 2F
1-2: Strikes out swinging
Bottom of the 6th over - 0 runs, 0 hits, 0 errors, 0 left on base; Texas 0 - Indiana 1
TOP OF THE 7TH
Texas Jackalope batting - Pitching for Indiana Cougars : RHP Lucas Giolito
Batting: RHB Giancarlo Stanton 0-0: Ball
1-0: Swinging Strike
1-1: Ball
2-1: Foul Ball, location: 2F
2-2: Ball
3-2: Foul Ball, location: 2F
3-2: Base on Balls
Batting: RHB Keston Hiura 0-0: Foul Ball, location: 2F
0-1: Ball
1-1: Grounds into double play, 6-4-3 (Groundball, 56D, EV 86.9 MPH)
Batting: RHB Mitch Haniger 0-0: Ball
1-0: DOUBLE (Flyball, 78XD, EV 115.0 MPH)
Batting: RHB Paul Goldschmidt 0-0: Ball
1-0: Foul Ball, location: 2F
1-1: Ball
2-1: Called Strike
2-2: Foul Ball, location: 2F
2-2: Ball
3-2: 2-RUN HOME RUN (Flyball, 9D, EV 95.0 MPH), Distance : 419 ft
Batting: LHB Daniel Murphy 0-0: Called Strike
0-1: Fly out, F8 (Flyball, 8LXD, EV 90.0 MPH)
Top of the 7th over - 2 runs, 2 hits, 0 errors, 0 left on base; Texas 2 - Indiana 1
BOTTOM OF THE 7TH
Indiana Cougars batting - Pitching for Texas Jackalope : RHP Gerrit Cole
Batting: RHB Kris Bryant 0-0: Ball
1-0: SINGLE (Groundball, 4MD, EV 101.9 MPH) (infield hit)
Batting: RHB Gleyber Torres 0-0: Ball
1-0: Foul Ball, location: 2F
1-1: Ball
2-1: Swinging Strike
2-2: Strikes out swinging
Batting: LHB Charlie Blackmon 0-0: Foul Ball, location: 2F
0-1: Ball
1-1: 2-RUN HOME RUN (Flyball, 9LD, EV 96.3 MPH), Distance : 363 ft
Batting: RHB Eugenio Suarez 0-0: Ground out 6-3 (Groundball, 56, EV 104.4 MPH)
Batting: LHB Joc Pederson 0-0: SOLO HOME RUN (Line Drive, 9D, EV 99.4 MPH), Distance : 420 ft
Batting: LHB Brandon Nimmo 0-0: Called Strike
0-1: Ball
1-1: Ball
2-1: Swinging Strike
2-2: Foul Ball, location: 2F
2-2: Ball
3-2: Strikes out swinging
Bottom of the 7th over - 3 runs, 3 hits, 0 errors, 0 left on base; Texas 2 - Indiana 4
TOP OF THE 8TH
Texas Jackalope batting - Pitching for Indiana Cougars : RHP Lucas Giolito
Batting: RHB Travis d'Arnaud 0-0: Ball
1-0: Ball
2-0: Fly out, F4 (Line Drive, 4, EV 66.9 MPH)
Batting: RHB Ronald Acuna Jr. 0-0: Foul Ball, location: 2F
0-1: Fly out, F8 (Line Drive, 8RM, EV 83.8 MPH)
Batting: LHB Didi Gregorius 0-0: Called Strike
0-1: Foul Ball, location: 2F
0-2: Ball
1-2: Ball
2-2: Strikes out swinging
Top of the 8th over - 0 runs, 0 hits, 0 errors, 0 left on base; Texas 2 - Indiana 4
BOTTOM OF THE 8TH
Indiana Cougars batting - Pitching for Texas Jackalope : RHP Gerrit Cole
Pitching: RHP Ryan Pressly
Batting: RHB Yadier Molina 0-0: Ball
1-0: Ball
2-0: Fly out, F8 (Flyball, 8LXD, EV 98.1 MPH)
Batting: RHB Tommy Pham 0-0: Foul Ball, location: 2F
0-1: Ball
1-1: Ball
2-1: Ball
3-1: Base on Balls
Batting: RHB Trevor Story 0-0: Swinging Strike
0-1: Swinging Strike
0-2: Ball
1-2: Strikes out looking
Batting: RHB Kris Bryant 0-0: Ball
1-0: Fly out, F7 (Flyball, 7S, EV 91.9 MPH)
Bottom of the 8th over - 0 runs, 0 hits, 0 errors, 1 left on base; Texas 2 - Indiana 4
TOP OF THE 9TH
Texas Jackalope batting - Pitching for Indiana Cougars : RHP Lucas Giolito
Pitching: RHP Luke Jackson
Now at 1B: Cavan Biggio
Batting: RHB Anthony Rendon 0-0: Foul Ball, location: 2F
0-1: DOUBLE (Line Drive, 78XD, EV 104.4 MPH)
Batting: RHB Giancarlo Stanton 0-0: Ball
1-0: Ground out 4-3 (Groundball, 6M, EV 105.0 MPH)
Anthony Rendon to third
Batting: RHB Keston Hiura 0-0: Swinging Strike
0-1: Called Strike
0-2: Ball
1-2: Ball
2-2: Ball
3-2: Foul Ball, location: 2F
3-2: Base on Balls
Batting: RHB Mitch Haniger 0-0: Called Strike
0-1: Foul Ball, location: 2F
0-2: Ball
1-2: Ball
2-2: Strikes out swinging
Batting: RHB Paul Goldschmidt 0-0: Foul Ball, location: 2F
0-1: Swinging Strike
0-2: Ball
1-2: Ball
2-2: Strikes out swinging
Top of the 9th over - 0 runs, 1 hit, 0 errors, 2 left on base; Texas 2 - Indiana 4
Wednesday, May 27th, 2020 - OOTP Baseball 21.3 Build 54